 Dungeon Crawl Stone Soup version 0.25-a0-340-ga1faa1601d (webtiles) character file.

Game seed: 16785583440896186737, levelgen mode: classic

85 Borgoz the Covered (level 4, 0/29 HPs)
             Began as a Gargoyle Fighter on Dec 30, 2019.
             Slain by an iguana (5 damage)
             ... on level 2 of the Dungeon.
             The game lasted 00:01:37 (914 turns).

Borgoz the Covered (Gargoyle Fighter)                Turns: 914, Time: 00:01:37

Health: 0/29       AC: 13    Str: 25    XL:     4   Next: 48%
Magic:  4/4        EV:  7    Int:  8    God:
Gold:   100        SH: 10    Dex: 10    Spells: 3/3 levels left

rFire    . . .     SeeInvis .   a - +0 flail
rCold    . . .     Gourm    .   c - +0 shield
rNeg     + . .     Faith    +   b - +0 scale mail
rPois    ∞         Spirit   .   (no helmet)
rElec    +         Reflect  .   o - +0 cloak
rCorr    .         Harm     .   j - +0 pair of gloves
MR       .....                  (no boots)
Stlth    ..........             i - amulet of faith
HPRegen  0.09/turn              (no ring)
MPRegen  0.09/turn              (no ring)

@: mighty
A: negative energy resistance 1, electricity resistance, unbreathing,
petrification resistance, rot immunity, AC +3
a: no special abilities


You were on level 2 of the Dungeon.
You were not hungry.

You visited 1 branch of the dungeon, and saw 2 of its levels.

You collected 100 gold pieces.

Inventory:

Hand Weapons
 a - a +0 flail (weapon)
Missiles
 g - a throwing net (quivered)
Armour
 b - a +0 scale mail (worn)
 c - a +0 shield (worn)
 j - a +0 pair of gloves (worn)
 o - a +0 cloak (worn)
Jewellery
 i - an amulet of faith (around neck)
Scrolls
 e - 2 scrolls of enchant weapon {unknown}
 h - a scroll of identify {unknown}
 n - a scroll of blinking {unknown}
Potions
 k - a potion of agility {unknown}
Comestibles
 f - 5 rations
 l - 4 chunks of flesh


   Skills:
 + Level 3.8 Fighting
 * Level 3.2 Maces & Flails
 + Level 3.9 Armour
 + Level 3.9 Shields


You had 3 spell levels left.
You didn't know any spells.
Your spell library was empty.

Dungeon Overview and Level Annotations

Branches:
Dungeon (2/15)

Altars:


Innate Abilities, Weirdness & Mutations

You are resistant to torment.
Your stone body is resilient. (AC +3)
You are immune to poison.
You resist negative energy. (rN+)
You are resistant to electric shocks. (rElec)
You can survive without breathing.
You are immune to petrification.
You are immune to rotting.


Message History

The iguana barely misses you.
You barely miss the iguana.
The iguana is moderately wounded.
You block the giant cockroach's attack. The iguana bites you.
The giant cockroach bites you but does no damage.
You closely miss the iguana.
The iguana is moderately wounded.
The giant cockroach bites you. The iguana barely misses you.
You sock the iguana!
The iguana is almost dead.
You block the giant cockroach's attack. The iguana bites you.
The giant cockroach barely misses you.
You barely miss the giant cockroach. The iguana barely misses you.
The giant cockroach barely misses you. The iguana bites you.
* * * LOW HITPOINT WARNING * * *
Unknown command.
You closely miss the iguana.
The iguana is almost dead.
You block the giant cockroach's attack. The iguana bites you.
You die...

##. ..... #..... ...
####....##.. ...... .#.
#.....#...l##...... #.
#.......... ....... ...
#.........# ....... ###
#.........# ......#.
.##.......##s.....#.##
......††.ll@).....#..#
#.....†#####.####.#
#......## #.. #.#
#.......# #.###.#
#.!....†## ...#.##
#.#####..######.#..####
... ##....##........#
#.. ####.........÷.###
#.. ####..........#


You could see an iguana, a giant cockroach and a frilled lizard.

Vanquished Creatures
  4 gnolls (D:2)
  An ooze (D:2)
  2 dart slugs (D:1)
  2 leopard geckos
  3 bats
  6 hobgoblins
  2 jackals (D:1)
  3 kobolds
  A quokka (D:2)
  2 frilled lizards (D:2)
  4 goblins
  9 rats
39 creatures vanquished.

Notes
Turn   | Place    | Note
-------+----------+-------------------------------------------
     0 | D:1      | Borgoz the Gargoyle Fighter began the quest for the Orb.
     0 | D:1      | Reached XP level 1. HP: 14/14 MP: 1/1
   116 | D:1      | Reached XP level 2. HP: 19/19 MP: 2/2
   556 | D:1      | Reached XP level 3. HP: 21/23 MP: 3/3
   895 | D:2      | Reached XP level 4. HP: 12/29 MP: 4/4
   914 | D:2      | Slain by an iguana

Levels and vault maps discovered:
D:1:      roderic_octagonal_star, layout_loops_ring
D:2:      layout_rooms, kennysheep_path_1

Skill      XL: |  1  2  3 |
---------------+----------+-----
Maces & Flails | 3 |  3.2
Fighting       | |  3.8
Armour         | |  3.9
Shields        | |  3.9

Action                   |  1- 3 |  4- 6 || total
-------------------------+-------+-------++-------
Melee: Flail             |   135 |    15 ||   150
  Use: Potion            |     1 |     2 ||     3
Armor: Scale mail        |    87 |    17 ||   104
Dodge: Dodged            |    41 |    12 ||    53
Block: Shield            |    71 |    14 ||    85

Table legend:
 A = Non-vault XP
 B = Vault XP
 C = Vault XP percentage of total XP
 D = Non-vault monster count
 E = Vault monster count
 F = Vault count percentage of total count
                 A         B        C        D         E       F
            +---------+---------+-------+---------+---------+-------
      Total |     122 |       0 |   0.0 |      39 |       0 |   0.0
            +---------+---------+-------+---------+---------+-------
        D:1 |      41 |       0 |   0.0 |      23 |       0 |   0.0
        D:2 |      81 |       0 |   0.0 |      16 |       0 |   0.0
            +---------+---------+-------+---------+---------+-------
